 Dungeon Crawl Stone Soup version 0.31-a0-331-geda263fcf1 (webtiles) character file.

Game seed: 8440218979735008657

24980 Pooter the Severer (level 12, -13/113 HPs)
             Began as a Minotaur Berserker on July 18, 2023.
             Was an Elder of Trog.
             Mangled by a death yak (19 damage)
             ... led by a torpor snail
             ... on level 3 of the Lair of Beasts on July 20, 2023.
             The game lasted 00:56:47 (11509 turns).

Pooter the Severer (Minotaur Berserker)            Turns: 11509, Time: 00:56:47

Health: -13/113    AC: 14    Str: 21    XL:     12   Next: 85%
Magic:  11/11      EV: 13    Int:  4    God:    Trog [****..]
Gold:   293        SH:  0    Dex: 12    Spells: 11/11 levels left

rFire   . . .        a - +5 battleaxe (freeze)
rCold   + + .        (shield currently unavailable)
rNeg    . . .        m - +1 chain mail {rC+}
rPois   +            J - +2 hat
rElec   .            K - +0 cloak
rCorr   .            O - +0 pair of gloves of a ziggurat {rC+ Str-4 Slay+2 Stlth+}
SInv    .            (no boots)
Will    .....        l - amulet of regeneration Stlth
                     P - ring of poison resistance
HPRegen 1.18/turn    T - +5 ring of evasion
MPRegen 0.12/turn

%: no passive effects
@: mighty, on berserk cooldown, slowed, very slow
A: horns 2, retaliatory headbutt
a: Renounce Religion, Berserk, Trog's Hand, Brothers in Arms


You were on level 3 of the Lair of Beasts.
You worshipped Trog.
Trog was greatly pleased with you.
You visited 2 branches of the dungeon, and saw 13 of its levels.
You also visited: Ossuary.

You collected 802 gold pieces.
You spent 509 gold pieces at shops.

Inventory:

Hand Weapons
 a - a +5 battleaxe of freezing (weapon)
   (You acquired it on level 5 of the Dungeon)
 b - a +0 orcbow
   (You took it off a centaur on level 5 of the Dungeon)
 s - a +4 flail of holy wrath
   (You found it on level 4 of the Dungeon)
 x - a +5 heavy spear
   (You took it off a gnoll sergeant on level 6 of the Dungeon)
 C - a +1 war axe of draining
   (You took it off an orc on level 6 of the Dungeon)
 H - a +0 broad axe
   (You found it on level 7 of the Dungeon)
Missiles
 h - 5 boomerangs (quivered)
 n - 7 poisoned darts
 Q - 89 stones
Armour
 m - a +1 chain mail of cold resistance (worn)
   (You found it on level 4 of the Dungeon)
 J - a +2 hat (worn)
   (You found it on level 7 of the Dungeon)
 K - a +0 cloak (worn)
   (You found it on level 10 of the Dungeon)
 O - the +0 pair of gloves of a ziggurat (worn) {rC+ Str-4 Slay+2 Stlth+}
   (You bought it in a shop on level 6 of the Dungeon)

   Str:       It affects your strength (-4).
   Slay:      It affects your accuracy & damage with ranged weapons and melee
   (+2).
   rC:        It protects you from cold.
   Stlth:     It makes you more stealthy.
Jewellery
 l - an amulet of regeneration (around neck)
   (You found it on level 2 of the Dungeon)
 I - a ring of protection from cold
   (You found it on level 8 of the Dungeon)
 N - a ring of positive energy
   (You found it on level 1 of the Lair of Beasts)
 P - a ring of poison resistance (left hand)
   (You found it on level 3 of the Dungeon)
 T - a +5 ring of evasion (right hand)
   (You found it on level 2 of the Lair of Beasts)
Wands
 d - a wand of iceblast (8)
   (You found it on level 1 of the Lair of Beasts)
 f - a wand of flame (3)
   (You found it on level 1 of the Lair of Beasts)
 p - a wand of polymorph (8)
   (You found it on level 3 of the Dungeon)
 u - a wand of paralysis (5)
   (You found it in an ossuary)
 y - a wand of mindburst (18)
   (You found it on level 6 of the Dungeon)
 D - a wand of digging (7)
   (You found it on level 4 of the Dungeon)
Scrolls
 e - 4 scrolls of fear
 g - 7 scrolls of fog
 i - 2 scrolls of identify {@r1}
 t - 3 scrolls of teleportation {@r4}
 v - 6 scrolls of noise {!r}
 w - a scroll of summoning
 A - a scroll of brand weapon
 E - 3 scrolls of revelation
 G - a scroll of blinking
 M - 2 scrolls of poison {!r}
 R - a scroll of silence
Potions
 c - 3 potions of attraction {!q}
 j - 8 potions of curing {@q1}
 k - a potion of haste {@q3}
 q - 2 potions of enlightenment
 r - a potion of cancellation
 z - 2 potions of mutation {!q}
 B - 3 potions of invisibility
 F - 4 potions of heal wounds {@q2}
 L - a potion of resistance
 S - a potion of lignification {!q}


   Skills:
 + Level 12.4 Fighting
 * Level 16.7 Axes
 * Level 14.4 Ranged Weapons
 - Level 2.4 Armour
 - Level 2.1 Dodging
 + Level 2.4 Evocations


You had 11 spell levels left.
You didn't know any spells.
Your spell library was empty.

Dungeon Overview and Level Annotations

Branches:
Dungeon (10/15) Zot: 25962  Temple (0/1) D:7            Lair (3/5) D:10 Zot: 15703
 Shoals (0/4) Lair:2      Ossuary (visited)
  Snake: Lair:2-3    Spider: Lair:2-3       Orc: D:9-12

Altars:
Dithmenos
Fedhas
Gozag
Makhleb
Uskayaw
Yredelemnul
Jiyva

Shops:
D:6 [*!

Portals:
Abyss: D:4

Annotations:
D:4 2 transporters, lunkers's ghost, amateur MeSh
D:9 3 runed translucent doors, xSliceyx's ghost, journeyman AtWr


Innate Abilities, Weirdness & Mutations

You have a pair of horns on your head.
You reflexively headbutt those who attack you in melee.


Message History

The water moccasin is no longer moving slowly.
The bullfrog hits you.
* * * LOW HITPOINT WARNING * * *
You feel your anger nearly subside.
You are no longer berserk.
You are exhausted.
You feel as though you will be slow longer.
The ice encasing you melts away.
The blink frog blinks! x2
The blink frog hits you but does no damage.
The bullfrog hits you but does no damage.
The rime drake closely misses you.
Unknown command.
You feel very mighty all of a sudden. The blink frog barely misses you.
The bullfrog misses you. The rime drake misses you.
The blink frog blinks!
The death yak gores you.
* * * LOW HITPOINT WARNING * * *
The bullfrog closely misses you. You furiously retaliate!
You headbutt the bullfrog! The water moccasin barely misses you.
You furiously retaliate!
You headbutt the water moccasin! The rime drake breathes ice at you.
The icy flash freeze hits you!! You partially resist.
* * * LOW HITPOINT WARNING * * *
You are encased in ice.
The water moccasin attacks as you move away!
The water moccasin barely misses you.
The rime drake attacks as you move away!
The rime drake bites you but does no damage.
The bullfrog misses you.
The blink frog blinks! x2
The bullfrog hits you but does no damage.
The blink frog blinks!
The bullfrog closely misses you. You furiously retaliate!
You headbutt the bullfrog!
You kill the bullfrog!
Trog accepts your kill. The bullfrog hits you.
* * * LOW HITPOINT WARNING * * *
The bullfrog hits you but does no damage.
The bullfrog attacks as you move away!
The bullfrog hits you but does no damage.
The ice encasing you melts away.
The blink frog hits you but does no damage.
The blink frog barely misses you. You furiously retaliate!
You headbutt the blink frog!
The water moccasin bites you but does no damage.
The blink frog blinks! x2
There is a stone staircase leading up here.
The blink frog blinks!
The culicivora closely misses you. You furiously retaliate!
You headbutt the culicivora! The blink frog hits you!
* * * LOW HITPOINT WARNING * * *
The death yak gores you!!
You die...

..............P. #.
...............##....
................#...#
.....................
.....................
........<............
......)....S........P
........†...wY§.(....
...........kY@F......
............sF.......
.....................
.........[...........
..............F...§..
#....................
#....................
..#.#...............


You could see a death yak, a torpor snail, a culicivora, a yak, 2 blink frogs, a
rime drake, a water moccasin and a bullfrog.

Vanquished Creatures
  Erolcha (D:9)
  2 two-headed ogres (D:10)
  Sonja (Lair:3)
  5 elephants (Lair:2)
  Joseph (D:9)
  3 black mambas
  6 cane toads
  A rime drake (D:10)
  Psyche (D:8)
  4 komodo dragons
  A troll (D:10)
  11 blink frogs (Lair:1)
  3 polar bears
  2 hornets
  A culicivora (Lair:3)
  4 wyverns
  Sigmund (D:5)
  37 yaks
  A basilisk (Lair:2)
  4 steam dragons
  2 vampire mosquitoes (D:10)
  8 water moccasins
  2 acid dragons
  Duvessa (D:4)
  6 ice beasts
  4 orc warriors
  7 wolves
  7 centaurs
  A phantom (D:6)
  Blork the orc (D:4)
  9 bullfrogs
  2 elf zombies (Ossuary)
  3 gnoll sergeants
  2 scorpions (D:5)
  Dowan (D:4)
  3 howler monkeys (D:9)
  An electric eel (Lair:2)
  2 human zombies (Ossuary)
  5 hounds
  8 jellies
  A gnoll bouda (D:7)
  4 orc priests
  3 sleepcaps (D:6)
  3 iguanas
  8 orc wizards
  4 mummies (Ossuary)
  Robin (D:3)
  19 gnolls
  4 adders
  2 white imps
  5 ufetubi
  2 worms
  3 dart slugs
  32 orcs
  7 ball pythons
  10 endoplasms
  3 giant cockroaches
  13 goblins
  12 hobgoblins
  6 quokkas
  4 bats
  4 frilled lizards
  A hobgoblin zombie (Ossuary)
  2 jackal zombies (Ossuary)
  17 kobolds
  A kobold zombie (Ossuary)
  2 orc zombies (Ossuary)
  3 rats
  2 rat zombies (Ossuary)
343 creatures vanquished.

Notes
Turn   | Place    | Note
-------+----------+-------------------------------------------
     0 | D:1      | Pooter the Minotaur Berserker began the quest for the Orb.
     0 | D:1      | Reached XP level 1. HP: 19/19 MP: 0/0
   107 | D:1      | Reached skill level 4 in Axes
   309 | D:1      | Reached XP level 2. HP: 27/27 MP: 1/1
  1032 | D:2      | Reached XP level 3. HP: 30/33 MP: 2/2
  1208 | D:2      | Reached ** piety under Trog
  1209 | D:2      | Reached skill level 5 in Axes
  1212 | D:2      | Reached XP level 4. HP: 25/41 MP: 3/3
  1849 | D:3      | Reached skill level 6 in Axes
  1926 | D:3      | Reached XP level 5. HP: 44/47 MP: 4/4
  1955 | D:3      | Noticed Robin
  1961 | D:3      | Reached skill level 5 in Fighting
  1964 | D:3      | Killed Robin
  2549 | D:4      | Noticed Duvessa
  2554 | D:4      | Killed Duvessa
  2555 | D:4      | Reached skill level 1 in Ranged Weapons
  2555 | D:4      | Reached XP level 6. HP: 56/56 MP: 5/5
  2629 | D:4      | Noticed Dowan
  2639 | D:4      | Killed Dowan
  2640 | D:4      | Reached skill level 7 in Axes
  2704 | D:4      | Noticed Edmund
  2707 | D:4      | Edmund changed into Edmund the steam dragon
  2707 | D:4      | Noticed Edmund
  2716 | D:4      | Killed Edmund the steam dragon
  2849 | D:4      | Reached XP level 7. HP: 37/62 MP: 6/6
  2945 | D:4      | Found a one-way gate to the infinite horrors of the Abyss.
  2945 | D:4      | Noticed lunkers's ghost (amateur MeSh)
  3018 | D:4      | Found a transporter.
  3074 | D:4      | Found a transporter.
  3103 | D:4      | Noticed Blork the orc
  3109 | D:4      | Killed Blork the orc
  3455 | D:5      | Entered Level 5 of the Dungeon
  3582 | D:5      | Reached skill level 8 in Axes
  3851 | D:5      | Identified a scroll of acquirement
  3852 | D:5      | Acquired a +1 battleaxe of freezing
  3898 | D:5      | Noticed Sigmund
  3911 | D:5      | Killed Sigmund
  3912 | D:5      | Reached skill level 5 in Ranged Weapons
  3912 | D:5      | Reached XP level 8. HP: 71/71 MP: 7/7
  4048 | D:6      | Reached skill level 9 in Axes
  4065 | D:6      | Found a blossoming altar of Fedhas.
  4121 | D:6      | Noticed a hornet
  4132 | D:6      | Killed a hornet
  4139 | D:6      | Found Daridias's Distillery.
  4147 | D:6      | Bought a potion of heal wounds for 50 gold pieces
  4147 | D:6      | Bought a potion of mutation for 80 gold pieces
  4147 | D:6      | Bought a potion of invisibility for 80 gold pieces
  4196 | D:6      | Reached skill level 10 in Axes
  4216 | D:6      | Found Akiexaqi's General Store.
  4248 | D:6      | Found Mitis's Armour Shop.
  4319 | D:6      | Found a sand-covered staircase.
  4328 | Ossuary  | Entered an ossuary
  4337 | Ossuary  | Reached XP level 9. HP: 79/79 MP: 8/8
  4344 | Ossuary  | Reached *** piety under Trog
  4591 | D:6      | Bought a scroll of identify for 22 gold pieces
  4591 | D:6      | Bought a scroll of identify for 22 gold pieces
  4657 | D:6      | Found an opulent altar of Gozag.
  4669 | D:6      | Found a hide-covered altar of Uskayaw.
  5006 | D:7      | Found a shadowy altar of Dithmenos.
  5101 | D:7      | Reached skill level 11 in Axes
  5307 | D:7      | Found a staircase to the Ecumenical Temple.
  5579 | D:7      | Found a basalt altar of Yredelemnul.
  5956 | D:8      | Noticed Psyche
  6005 | D:8      | Upgraded the game from 0.31-a0-325-g067879e3d3 to
                  | 0.31-a0-331-geda263fcf1
  6382 | D:8      | Reached XP level 10. HP: 85/90 MP: 9/9
  6383 | D:8      | Reached skill level 12 in Axes
  6425 | D:8      | Killed Psyche
  6601 | D:8      | Found a burning altar of Makhleb.
  6847 | D:9      | Reached skill level 10 in Ranged Weapons
  6874 | D:9      | Noticed Joseph
  6885 | D:9      | Killed Joseph
  6890 | D:9      | Reached **** piety under Trog
  6960 | D:9      | Noticed Erolcha
  7197 | D:9      | Killed Erolcha
  7198 | D:9      | Reached skill level 13 in Axes
  7328 | D:9      | Found a runed translucent gate.
  7328 | D:9      | Found a runed translucent gate.
  7328 | D:9      | Found a runed translucent gate.
  7446 | D:9      | Reached skill level 10 in Fighting
  7533 | D:9      | Reached XP level 11. HP: 63/99 MP: 10/10
  7677 | D:6      | Bought the +0 pair of gloves of a ziggurat {rC+ Str-4
                  | Slay+2 Stlth+} for 255 gold pieces
  7863 | D:9      | Reached skill level 14 in Axes
  8181 | D:9      | Noticed xSliceyx's ghost (journeyman AtWr)
  8186 | D:9      | Found a viscous altar of Jiyva.
  8200 | D:10     | Entered Level 10 of the Dungeon
  8694 | D:10     | Noticed a two-headed ogre
  8699 | D:10     | Killed a two-headed ogre
  8859 | D:10     | Found a staircase to the Lair.
  8860 | D:10     | Noticed a two-headed ogre
  8868 | D:10     | Killed a two-headed ogre
  8869 | D:10     | Reached skill level 15 in Axes
  9078 | Lair:1   | Entered Level 1 of the Lair of Beasts
  9600 | Lair:1   | Reached XP level 12. HP: 109/110 MP: 11/11
 10582 | Lair:2   | Reached skill level 16 in Axes
 10802 | Lair:2   | Reached skill level 1 in Evocations
 11310 | Lair:2   | Found a staircase to the Shoals.
 11490 | Lair:3   | Noticed Sonja
 11492 | Lair:3   | Noticed a death yak
 11500 | Lair:3   | Killed Sonja
 11509 | Lair:3   | Mangled by a death yak

Illustrated notes

Levels and vault maps discovered:
D:1:      elethiomel_arrival_shortcut, layout_basic
D:2:      cheibrodos_fertilizer, layout_basic, minmay_misc_feat_hallway
D:3:      layout_loops_ring, kennysheep_cross_room, uniq_robin
D:4:      layout_gridville, gammafunk_ghost_abyssal_escape, uniq_blork_the_orc,
          uniq_duvessa, uniq_edmund
D:5:      layout_basic, uniq_sigmund
D:6:      layout_basic, fedhas_bush_and_centaur_altar,
          mainiacjoe_overflow_large_starburst, serial_shops,
          nicolae_shop_back_alley_shop, nicolae_shop_waterfront,
          nicolae_shop_statue_plus, enter_ossuary_1
D:7:      layout_basic, lemuel_doored_altar, nicolae_dithmenos_the_darkroom,
          minmay_temple_entry_statues_pillars
D:8:      layout_gridville, pf_just_have_faith, nicolae_titane, uniq_psyche
D:9:      layout_cross, gammafunk_ghost_ooze, grunt_ministairs_7, uniq_erolcha,
          uniq_joseph
D:10:     layout_basic, hellmonk_lair_entry_icy, corexii_checkpoint_b
Lair:1:   layout_cave_pods, serial_bayou_shore_b
Lair:2:   layout_gridlike, elwin_shoals_entry_rocks, serial_forest,
          infiniplex_forest_straight_5, infiniplex_forest_clump_tiny,
          infiniplex_forest_lined_2, infiniplex_forest_split,
          infiniplex_forest_straight_1, infiniplex_forest_zigzag_1,
          minivault_26, minivault_19, grunt_megastairs_3
Lair:3:   layout_cave_shapes, hellmonk_spider_entry_life_and_decay,
          grunt_megastairs_2, uniq_sonja

Skill      XL: |  1  2  3  4  5  6  7  8  9 10 11 12 |
---------------+-------------------------------------+-----
Axes           | 4 5 6 7 8 10 11 13 15 16 | 16.7
Fighting       | 4 5 6 7 8 10 11 12 | 12.4
Ranged Weapons | 1 3 5 7 9 11 13 14 | 14.4
Evocations     | 2 |  2.4
Armour         | |  2.4
Dodging        | |  2.1

Action                     |  1- 3 |  4- 6 |  7- 9 | 10-12 || total
---------------------------+-------+-------+-------+-------++-------
  Melee: Hand axe          |    59 |    72 |       |       ||   131
         Headbutt          |     7 |    15 |    36 |    41 ||    99
         Punch             |     1 |       |       |       ||     1
         Flail             |       |     5 |    46 |       ||    51
         Battleaxe         |       |       |   180 |   274 ||   454
   Fire: Sling             |       |    32 |    14 |       ||    46
         Orcbow            |       |       |    28 |   137 ||   165
  Throw: Stone             |     1 |       |       |       ||     1
         Dart              |       |       |     7 |       ||     7
         Boomerang         |       |       |       |     3 ||     3
 Invoke: Berserk           |     1 |     4 |    10 |     8 ||    23
         Trog's Hand       |       |     3 |    12 |    15 ||    30
  Evoke: Wand              |       |     1 |     3 |     6 ||    10
    Use: Scroll            |     3 |     1 |    20 |     8 ||    32
         Potion            |       |       |       |     1 ||     1
   Stab: Paralysed         |       |       |       |     1 ||     1
 Armour: Animal skin       |    14 |       |       |       ||    14
         Ring mail         |       |     7 |       |       ||     7
         Chain mail        |       |     7 |   182 |   192 ||   381
  Dodge: Dodged            |    43 |    42 |   151 |   180 ||   416

Table legend: (Time is in decaauts)
 A = Elapsed time spent in this place.
 B = Non-inter-level travel time spent in this place.
 C = Inter-level travel time spent in this place.
 D = Time resting spent in this place.
 E = Time spent auto-exploring this place.
 F = Levels seen in this place.
 G = Mean time per level.
                   A        B        C        D        E       F      G
               +--------+--------+--------+--------+--------+-----+--------+
         Total |  11771 |  11319 |    452 |   2184 |   6630 |  14 |  840.8 |
       Dungeon |   9242 |   8832 |    410 |   1731 |   5094 |  10 |  924.2 |
          Lair |   2294 |   2253 |     41 |    397 |   1436 |   3 |  764.7 |
       Ossuary |    234 |    234 |      0 |     55 |    100 |   1 |  234.0 |
               +--------+--------+--------+--------+--------+-----+--------+

Top non-repeatable levels by time:
  Lair:1: 1348 daAuts
     D:8: 1348 daAuts
     D:9: 1102 daAuts
     D:4: 1050 daAuts
    D:10: 962 daAuts
  Lair:2: 919 daAuts
     D:1: 917 daAuts
     D:6: 846 daAuts
     D:7: 841 daAuts
     D:2: 829 daAuts
     D:3: 744 daAuts
     D:5: 599 daAuts
 Ossuary: 234 daAuts
  Lair:3: 26 daAuts
